Rimouski Oceanic vs Manchester Monarchs

Created - 19 janvier 2021 at 17:02

Goals
1 2 3 T
Rimouski Oceanic 0 2 2 4
Manchester Monarchs 1 4 0 5
Shots
1 2 3 T
Rimouski Oceanic 15 13 16 44
Manchester Monarchs 9 17 4 30

1st period

1. Manchester Monarchs , Mason Appleton 18 (Milan Lucic 28, Egor Sharangovich 25) at 0:16

Penalties :
Joakim Nygard (OCE) for Holding (Minor) at 6:31

2nd period

2. Rimouski Oceanic , Brendan Leipsic 16 (Joakim Nygard 20) at 0:13
3. Manchester Monarchs , Alexandre Texier 11 (Victor Rask 16) at 0:44
4. Manchester Monarchs , Mason Appleton 19 (Kevin Gravel 5, Scott Wedgewood) at 12:47
5. Rimouski Oceanic , Nick Schilkey 6 (Cam Darcy 6, Kyle Wood 8) at 13:36
6. Manchester Monarchs , Vladimir Sobotka 8 (Connor Bunnaman 3) at 16:50
7. Manchester Monarchs , Lukas Jasek 4 (Andrew Poturalski 5) at 18:03

Penalties :
Karl Alzner (MON) for Fighting (Major) at 3:06, Connor Carrick (OCE) for Fighting (Major) at 3:06

3rd period

8. Rimouski Oceanic , Reid Duke 5 (Connor Clifton 12, Kyle Wood 9) at 4:14
9. Rimouski Oceanic , Luke Philp 12 (Taylor Fedun 14, Joakim Nygard 21) at 12:24

Penalties :
Nick Seeler (MON) for Hooking (Minor) at 4:17, Derek Barach (OCE) for Roughing (Minor) at 6:48, Luke Philp (OCE) for Interference (Minor) at 12:47

Goalie Stats

Matt Tomkins (OCE), 19 saves from 24 shots - (0,792), L, 7-13-3, 38:03 minutes
Filip Gustavsson (OCE), 6 saves from 6 shots - (1,000), 21:05 minutes
Scott Wedgewood (MON), 40 saves from 44 shots - (0,909), W, 8-1-2, 60:00 minutes

Players Stats for Rimouski Oceanic

Player Name              G  A  P  +/- PIM S  H  SB GA TA FO     MP     PP MP  PK MP  
------------------------------------------------------------------------------------
Beau Starrett            0  0  0   1  0   0  1  0  0  0  0/0     6:29   0:00   0:00 
Blake Pietila            0  0  0  -2  0   1  3  0  0  0  1/1    20:53   0:33   1:49 
Brendan Leipsic          1  0  1  -2  0   4  1  0  0  1  5/24   21:32   0:26   2:57 
Cam Darcy                0  1  1   0  0   4  0  0  0  1  3/4    14:29   0:38   0:35 
Chris Stewart            0  0  0   0  0   2  1  0  0  0  0/1    15:08   0:52   0:00 
Connor Carrick           0  0  0  -1  5   2  1  2  0  0  0/0    24:50   1:02   3:30 
Connor Clifton           0  1  1   1  0   1  4  0  0  2  0/0    18:50   0:57   2:13 
Derek Barach             0  0  0   0  2   2  1  2  0  0  0/0    15:29   0:52   0:00 
Deven Sideroff           0  0  0   0  0   0  3  0  0  1  0/0    11:26   0:32   0:00 
Joakim Nygard            0  2  2  -2  2   7  0  1  1  3  1/2    21:42   0:28   1:55 
Kyle Wood                0  2  2   1  0   1  0  2  1  0  0/0    20:50   0:57   2:27 
Luke Philp               1  0  1   0  2   5  1  1  0  0  5/16   16:13   0:52   0:57 
Mark Alt                 0  0  0  -1  0   1  3  1  0  1  0/0    13:26   0:00   0:14 
Maxime Fortier           0  0  0   1  0   0  0  1  0  0  0/0     6:29   0:00   0:00 
Maxime Lajoie            0  0  0  -1  0   0  1  0  0  0  0/0    15:06   0:00   0:00 
Nick Schilkey            1  0  1   0  0   6  2  1  0  0  1/1    14:07   0:44   1:32 
Reid Duke                1  0  1   1  0   3  0  0  0  0  1/4    10:03   0:00   2:09 
Taylor Fedun             0  1  1  -1  0   5  1  2  1  0  0/0    26:57   1:02   3:30 

Players Stats for Manchester Monarchs

Player Name              G  A  P  +/- PIM S  H  SB GA TA FO     MP     PP MP  PK MP  
------------------------------------------------------------------------------------
Alexandre Texier         1  0  1   2  0   6  1  0  0  0  0/0    16:14   2:37   0:00 
Andrew Poturalski        0  1  1   0  0   1  4  0  1  0  2/4    12:22   0:18   0:18 
Brady Keeper             0  0  0   0  0   0  0  0  0  0  0/0    11:53   0:00   0:00 
Brandon Hagel            0  0  0   0  0   1  0  0  1  0  0/0    13:44   0:02   0:39 
Connor Bunnaman          0  1  1   0  0   0  0  0  0  0  0/0     9:49   0:00   0:00 
Dmytro Timashov          0  0  0   0  0   1  2  1  1  0  0/1    13:56   0:34   0:56 
Egor Sharangovich        0  1  1  -1  0   1  1  2  1  0  17/22  18:53   3:13   0:27 
Ilya Lyubushkin          0  0  0   0  0   1  2  2  0  1  0/0    26:03   3:15   1:07 
Karl Alzner              0  0  0   1  5   0  1  4  1  0  0/0    21:01   2:42   1:21 
Kevin Gravel             0  1  1   0  0   1  3  0  1  0  0/0    12:42   0:00   0:16 
Lukas Jasek              1  0  1   0  0   1  0  1  0  0  0/0    10:53   0:00   0:00 
Mason Appleton           2  0  2  -1  0   7  1  1  1  2  0/1    18:26   2:53   0:00 
Milan Lucic              0  1  1  -1  0   1  1  0  2  0  0/1    18:18   3:00   0:00 
Nick Seeler              0  0  0   1  2   0  1  1  0  0  0/0    22:20   2:42   0:00 
Nicolas Hague            0  0  0   0  0   3  2  0  0  0  0/0    26:16   3:15   1:14 
Tom Kuhnhackl            0  0  0   2  0   1  4  0  0  0  0/0    16:33   2:37   0:20 
Victor Rask              0  1  1   2  0   0  2  1  0  0  12/18  17:32   2:37   0:20 
Vladimir Sobotka         1  0  1   0  0   5  0  1  0  0  5/6    11:04   0:00   0:58 

3 Stars

1 - Mason Appleton (MON)
2 - Alexandre Texier (MON)
3 - Victor Rask (MON)

Power Play

Rimouski Oceanic - 0 on 1 Attempt(s) - 0,00%
Manchester Monarchs - 0 on 3 Attempt(s) - 0,00%

Penalty Kill

Rimouski Oceanic - 3 on 3 Attempt(s) - 100,00% - Score 0 goal in Penalty Kill
Manchester Monarchs - 1 on 1 Attempt(s) - 100,00% - Score 0 goal in Penalty Kill

Team Stat

Rimouski Oceanic - Hits : 23 - Faceoff Wins : 17 - Blocked Shots : 13 - Penalty Minutes : 11
Manchester Monarchs - Hits : 25 - Faceoff Wins : 36 - Blocked Shots : 14 - Penalty Minutes : 7

Official

Referees : Marc Joannette and Garrett Rank
Linesman : Robb Harrell and Kyle Allen

Game Notes

Connor Carrick beats up Karl Alzner at 3:06 of 2nd period
Filip Gustavsson enters game at 18:03 of 2nd period

Finance

Level 1 -- Attendance: 1898 (94,90%) -- Ticket Income 56 940 $
Level 2 -- Attendance: 947 (94,70%) -- Ticket Income 11 364 $
Total Attendance: 2845 (94,83%)
Total Ticket Income: 68 304 $
Other Income: 33 469 $
Total Income: 101 773 $

Rimouski Oceanic

5 vs 5 Forward 
   Center                   Left Wing                Right Wing               Time % Phy DF OF 
 1 Brendan Leipsic          Joakim Nygard            Blake Pietila            40     1   2  2  
 2 Luke Philp               Chris Stewart            Derek Barach             30     1   2  2  
 3 Cam Darcy                Nick Schilkey            Deven Sideroff           20     1   2  2  
 4 Reid Duke                Beau Starrett            Maxime Fortier           10     1   2  2  

5 vs 5 Defense 
   Defense                  Defense                                           Time % Phy DF OF 
 1 Connor Carrick           Taylor Fedun                                      40     1   2  2  
 2 Kyle Wood                Connor Clifton                                    30     1   2  2  
 3 Maxime Lajoie            Mark Alt                                          20     1   2  2  
 4 Connor Carrick           Taylor Fedun                                      10     1   2  2  

PowerPlay Forward 
   Center                   Left Wing                Right Wing               Time % Phy DF OF 
 1 Brendan Leipsic          Joakim Nygard            Blake Pietila            60     1   2  2  
 2 Luke Philp               Chris Stewart            Derek Barach             40     1   2  2  

PowerPlay Defense
   Defense                  Defense                                           Time % Phy DF OF 
 1 Connor Carrick           Taylor Fedun                                      60     1   2  2  
 2 Kyle Wood                Connor Clifton                                    40     1   2  2  

Penalty Kill 4 Players Forward 
   Center                   Wing                     Time % Phy DF OF 
 1 Joakim Nygard            Brendan Leipsic          60     1   2  2  
 2 Blake Pietila            Luke Philp               40     1   2  2  

Penalty Kill 4 Players Defense
   Defense                  Defense                  Time % Phy DF OF 
 1 Connor Carrick           Taylor Fedun             60     1   2  2  
 2 Kyle Wood                Connor Clifton           40     1   2  2  

Penalty Kill - 3 Players Forward 
   Forward                                           Time % Phy DF OF 
 1 Joakim Nygard                                     60     1   2  2  
 2 Brendan Leipsic                                   40     1   2  2  

Penalty Kill - 3 Players Defense
   Defense                  Defense                  Time % Phy DF OF 
 1 Connor Carrick           Taylor Fedun             60     1   2  2  
 2 Kyle Wood                Connor Clifton           40     1   2  2  

4 vs 4 Forward 
   Center                   Wing                     Time % Phy DF OF 
 1 Joakim Nygard            Brendan Leipsic          60     1   2  2  
 2 Blake Pietila            Luke Philp               40     1   2  2  

4 vs 4 Defense
   Defense                  Defense                  Time % Phy DF OF 
 1 Connor Carrick           Taylor Fedun             60     1   2  2  
 2 Kyle Wood                Connor Clifton           40     1   2  2  

Last Minutes Offensive
   Center                   Left Wing                Right Wing               Defense                  Defense                  
   Brendan Leipsic          Joakim Nygard            Blake Pietila            Connor Carrick           Taylor Fedun             

Last Minutes Defensive
   Center                   Left Wing                Right Wing               Defense                  Defense                  
   Brendan Leipsic          Joakim Nygard            Blake Pietila            Connor Carrick           Taylor Fedun             

Goaltenders
Starting : Matt Tomkins             
Backup : Filip Gustavsson         

Extra Forwards
Normal : Nick Schilkey, Cam Darcy, Reid Duke - PP : Nick Schilkey, Cam Darcy - PK : Reid Duke
Extra Defensemen
Normal : Maxime Lajoie, Mark Alt, Kyle Wood - PP : Maxime Lajoie - PK : Mark Alt, Kyle Wood
Penalty Shots
Joakim Nygard, Brendan Leipsic, Blake Pietila, Luke Philp, Chris Stewart

Scratches
Andreas Englund (Healthy), Nicholas Baptiste (Healthy), Lean Bergmann (Healthy), Anton Wedin (Healthy), Dan Renouf (Healthy)
William Borgen (Healthy), Ryan MacInnis (Healthy), Jeremy Gregoire (Healthy), Tyler Sikura (Healthy), Kyle Burroughs (Healthy)
Bryan Moore (Healthy), Kelly Summers (Healthy), Ryan Dmowski (Healthy)

Manchester Monarchs

5 vs 5 Forward 
   Center                   Left Wing                Right Wing               Time % Phy DF OF 
 1 Egor Sharangovich        Milan Lucic              Mason Appleton           33     0   0  5  
 2 Victor Rask              Alexandre Texier         Tom Kuhnhackl            29     0   0  5  
 3 Andrew Poturalski        Brandon Hagel            Lukas Jasek              24     0   2  3  
 4 Vladimir Sobotka         Connor Bunnaman          Dmytro Timashov          14     1   3  1  

5 vs 5 Defense 
   Defense                  Defense                                           Time % Phy DF OF 
 1 Nicolas Hague            Ilya Lyubushkin                                   41     1   1  3  
 2 Karl Alzner              Nick Seeler                                       39     1   1  3  
 3 Kevin Gravel             Brady Keeper                                      20     1   3  1  
 4 Karl Alzner              Nick Seeler                                       0      1   2  2  

PowerPlay Forward 
   Center                   Left Wing                Right Wing               Time % Phy DF OF 
 1 Egor Sharangovich        Milan Lucic              Mason Appleton           65     0   0  5  
 2 Victor Rask              Alexandre Texier         Tom Kuhnhackl            35     0   0  5  

PowerPlay Defense
   Defense                  Defense                                           Time % Phy DF OF 
 1 Nicolas Hague            Ilya Lyubushkin                                   60     1   1  3  
 2 Karl Alzner              Nick Seeler                                       40     1   1  3  

Penalty Kill 4 Players Forward 
   Center                   Wing                     Time % Phy DF OF 
 1 Vladimir Sobotka         Dmytro Timashov          60     1   4  0  
 2 Victor Rask              Tom Kuhnhackl            40     1   4  0  

Penalty Kill 4 Players Defense
   Defense                  Defense                  Time % Phy DF OF 
 1 Karl Alzner              Nick Seeler              55     1   4  0  
 2 Nicolas Hague            Ilya Lyubushkin          45     1   4  0  

Penalty Kill - 3 Players Forward 
   Forward                                           Time % Phy DF OF 
 1 Vladimir Sobotka                                  60     0   5  0  
 2 Andrew Poturalski                                 40     0   5  0  

Penalty Kill - 3 Players Defense
   Defense                  Defense                  Time % Phy DF OF 
 1 Karl Alzner              Nick Seeler              60     1   4  0  
 2 Nicolas Hague            Kevin Gravel             40     1   4  0  

4 vs 4 Forward 
   Center                   Wing                     Time % Phy DF OF 
 1 Egor Sharangovich        Milan Lucic              60     0   0  5  
 2 Victor Rask              Alexandre Texier         40     0   0  5  

4 vs 4 Defense
   Defense                  Defense                  Time % Phy DF OF 
 1 Nicolas Hague            Ilya Lyubushkin          55     1   1  3  
 2 Kevin Gravel             Brady Keeper             45     1   1  3  

Last Minutes Offensive
   Center                   Left Wing                Right Wing               Defense                  Defense                  
   Egor Sharangovich        Milan Lucic              Mason Appleton           Nicolas Hague            Ilya Lyubushkin          

Last Minutes Defensive
   Center                   Left Wing                Right Wing               Defense                  Defense                  
   Victor Rask              Alexandre Texier         Dmytro Timashov          Karl Alzner              Nick Seeler              

Goaltenders
Starting : Scott Wedgewood          
Backup : Jonas Johansson          

Extra Forwards
Normal : Egor Sharangovich, Dmytro Timashov, Milan Lucic - PP : Dmytro Timashov, Milan Lucic - PK : Brandon Hagel
Extra Defensemen
Normal : Karl Alzner, Ilya Lyubushkin, Nicolas Hague - PP : Kevin Gravel - PK : Nicolas Hague, Karl Alzner
Penalty Shots
Brandon Hagel, Andrew Poturalski, Egor Sharangovich, Kevin Gravel, Victor Rask

Scratches
Joona Luoto (Healthy), Kirill Maksimov (Healthy), Brad Hunt (Suspend), Jake Christiansen (Healthy), Philipp Kurashev (Facial Surgery Injury)
Louie Belpedio (Healthy), Jakub Skarek (Healthy), Kevin Boyle (Healthy)

% Time on Ice - Rimouski Oceanic

Lines # - Real PCT - Wanted PCT - Time Play
Normal Forward
1 - 37% - 40% - 18:47
2 - 31% - 30% - 15:52
3 - 19% - 20% - 9:51
4 - 13% - 10% - 6:29
Normal Defense
1 - 40% - 40% - 20:26
2 - 29% - 30% - 14:53
3 - 24% - 20% - 12:27
4 - 6% - 10% - 3:13
PP Forward
1 - 56% - 60% - 1:07
2 - 44% - 40% - 0:52
PP Defense
1 - 52% - 60% - 1:02
2 - 48% - 40% - 0:57
PK Forward
1 - 69% - 60% - 4:08
2 - 31% - 40% - 1:49
PK Defense
1 - 63% - 60% - 3:44
2 - 37% - 40% - 2:13
PK3 Forward
1 - 0% - 60%
2 - 0% - 40%
PK3 Defense
1 - 0% - 60%
2 - 0% - 40%
44 Forward
1 - 0% - 60%
2 - 0% - 40%
44 Defense
1 - 0% - 60%
2 - 0% - 40%
Last Minute Offensive  - 1:05
Last Minute Defensive  - 0:00
Total
Forward - 60:00
Defense - 60:00

% Time on Ice - Manchester Monarchs

Lines # - Real PCT - Wanted PCT - Time Play
Normal Forward
1 - 30% - 33% - 15:04
2 - 30% - 29% - 15:17
3 - 21% - 24% - 10:46
4 - 19% - 14% - 9:49
Normal Defense
1 - 40% - 41% - 20:22
2 - 37% - 39% - 18:41
3 - 23% - 20% - 11:53
4 - 0% - 0% - 0:00
PP Forward
1 - 56% - 65% - 3:20
2 - 44% - 35% - 2:37
PP Defense
1 - 55% - 60% - 3:15
2 - 45% - 40% - 2:42
PK Forward
1 - 83% - 60% - 1:39
2 - 17% - 40% - 0:20
PK Defense
1 - 68% - 55% - 1:21
2 - 32% - 45% - 0:38
PK3 Forward
1 - 0% - 60%
2 - 0% - 40%
PK3 Defense
1 - 0% - 60%
2 - 0% - 40%
44 Forward
1 - 0% - 60%
2 - 0% - 40%
44 Defense
1 - 0% - 55%
2 - 0% - 45%
Last Minute Offensive  - 0:00
Last Minute Defensive  - 1:08
Total
Forward - 60:00
Defense - 60:00

Play-by-Play

1st period


0:01 of 1st period - Egor Sharangovich wins face-off versus Brendan Leipsic in neutral zone.
0:12 of 1st period - Snap shot by Milan Lucic.
0:12 of 1st period - Shot Blocked by Connor Carrick.
0:14 of 1st period - Slapshot by Mason Appleton.
0:14 of 1st period - Shot Misses the Net.
0:16 of 1st period - Backhand shot by Mason Appleton.
0:16 of 1st period - Goal by Mason Appleton - Rimouski Oceanic : 0 - Manchester Monarchs : 1.
0:17 of 1st period - Victor Rask wins face-off versus Luke Philp in neutral zone.
0:20 of 1st period - Connor Clifton is hit by Victor Rask and loses puck.
0:33 of 1st period - Snap shot by Luke Philp.
0:33 of 1st period - Stopped by Scott Wedgewood with a rebound.
0:45 of 1st period - Connor Clifton is hit by Andrew Poturalski and loses puck.
0:52 of 1st period - Snap shot by Nick Schilkey.
0:52 of 1st period - Stopped by Scott Wedgewood with a rebound.
1:10 of 1st period - Snap shot by Vladimir Sobotka.
1:10 of 1st period - Stopped by Matt Tomkins without a rebound.
1:11 of 1st period - Egor Sharangovich wins face-off versus Brendan Leipsic in Rimouski Oceanic zone.
1:38 of 1st period - Tom Kuhnhackl is hit by Luke Philp and loses puck.
1:46 of 1st period - Off-side.
1:47 of 1st period - Cam Darcy wins face-off versus Andrew Poturalski in neutral zone.
1:55 of 1st period - Andrew Poturalski is hit by Maxime Lajoie.
2:13 of 1st period - Dmytro Timashov is hit by Blake Pietila and loses puck.
2:24 of 1st period - Wrist shot by Joakim Nygard.
2:24 of 1st period - Deflect By Brendan Leipsic.
2:24 of 1st period - Shot Blocked by Dmytro Timashov.
2:24 of 1st period - Puck is out of play.
2:25 of 1st period - Egor Sharangovich wins face-off versus Luke Philp in Manchester Monarchs zone.
4:12 of 1st period - Chris Stewart is hit by Kevin Gravel.
4:24 of 1st period - Derek Barach is hit by Nick Seeler and loses puck.
4:39 of 1st period - Snap shot by Reid Duke.
4:39 of 1st period - Stopped by Scott Wedgewood with a rebound.
4:41 of 1st period - Snap shot by Mark Alt.
4:41 of 1st period - Stopped by Scott Wedgewood without a rebound.
4:42 of 1st period - Egor Sharangovich wins face-off versus Brendan Leipsic in Manchester Monarchs zone.
5:54 of 1st period - Snap shot by Brandon Hagel.
5:54 of 1st period - Shot Blocked by Taylor Fedun.
5:56 of 1st period - Slapshot by Dmytro Timashov.
5:56 of 1st period - Shot Blocked by Connor Carrick.
5:58 of 1st period - Slapshot by Karl Alzner.
5:58 of 1st period - Deflect By Dmytro Timashov.
5:58 of 1st period - Shot Blocked by Maxime Fortier.
5:58 of 1st period - Puck is out of play.
5:59 of 1st period - Vladimir Sobotka wins face-off versus Brendan Leipsic in Rimouski Oceanic zone.
6:04 of 1st period - Slapshot by Dmytro Timashov.
6:04 of 1st period - Shot Misses the Net.
6:06 of 1st period - Slapshot by Ilya Lyubushkin.
6:06 of 1st period - Stopped by Matt Tomkins without a rebound.
6:07 of 1st period - Egor Sharangovich wins face-off versus Brendan Leipsic in Rimouski Oceanic zone.
6:10 of 1st period - Wrist shot by Mason Appleton.
6:10 of 1st period - Stopped by Matt Tomkins with a rebound.
6:12 of 1st period - Slapshot by Nicolas Hague.
6:12 of 1st period - Deflect By Milan Lucic.
6:12 of 1st period - Shot Misses the Net.
6:12 of 1st period - Puck is out of play.
6:13 of 1st period - Egor Sharangovich wins face-off versus Brendan Leipsic in Rimouski Oceanic zone.
6:16 of 1st period - Wrist shot by Milan Lucic.
6:16 of 1st period - Stopped by Matt Tomkins with a rebound.
6:18 of 1st period - Backhand shot by Mason Appleton.
6:18 of 1st period - Stopped by Matt Tomkins with a rebound.
6:20 of 1st period - Snap shot by Egor Sharangovich.
6:20 of 1st period - Stopped by Matt Tomkins without a rebound.
6:21 of 1st period - Victor Rask wins face-off versus Brendan Leipsic in Rimouski Oceanic zone.
6:31 of 1st period - Minor Penalty to Joakim Nygard for Holding.
6:32 of 1st period - Egor Sharangovich wins face-off versus Reid Duke in Rimouski Oceanic zone.
8:31 of 1st period - Penalty to Joakim Nygard is over, Joakim Nygard is back on ice.
8:58 of 1st period - Snap shot by Vladimir Sobotka.
8:58 of 1st period - Deflect By Dmytro Timashov.
8:58 of 1st period - Shot Blocked by Joakim Nygard.
8:58 of 1st period - Puck is out of play.
8:59 of 1st period - Vladimir Sobotka wins face-off versus Cam Darcy in Rimouski Oceanic zone.
9:15 of 1st period - Joakim Nygard is hit by Kevin Gravel and loses puck.
9:29 of 1st period - Wrist shot by Joakim Nygard.
9:29 of 1st period - Shot Blocked by Karl Alzner.
9:31 of 1st period - Wrist shot by Joakim Nygard.
9:31 of 1st period - Stopped by Scott Wedgewood with a rebound.
9:33 of 1st period - Snap shot by Joakim Nygard.
9:33 of 1st period - Shot Blocked by Vladimir Sobotka.
9:41 of 1st period - Snap shot by Joakim Nygard.
9:41 of 1st period - Shot Blocked by Karl Alzner.
9:43 of 1st period - Slapshot by Connor Carrick.
9:43 of 1st period - Deflect By Dmytro Timashov.
9:43 of 1st period - Stopped by Scott Wedgewood with a rebound.
9:45 of 1st period - Backhand shot by Connor Carrick.
9:45 of 1st period - Shot Blocked by Karl Alzner.
9:47 of 1st period - Backhand shot by Taylor Fedun.
9:47 of 1st period - Stopped by Scott Wedgewood with a rebound.
9:49 of 1st period - Snap shot by Blake Pietila.
9:49 of 1st period - Shot Blocked by Nick Seeler.
9:55 of 1st period - Snap shot by Joakim Nygard.
9:55 of 1st period - Stopped by Scott Wedgewood without a rebound.
9:56 of 1st period - Luke Philp wins face-off versus Egor Sharangovich in Manchester Monarchs zone.
10:05 of 1st period - Wrist shot by Chris Stewart.
10:05 of 1st period - Shot Blocked by Mason Appleton.
10:07 of 1st period - Slapshot by Kyle Wood.
10:07 of 1st period - Stopped by Scott Wedgewood without a rebound.
10:08 of 1st period - Egor Sharangovich wins face-off versus Luke Philp in Manchester Monarchs zone.
10:17 of 1st period - Snap shot by Luke Philp.
10:17 of 1st period - Stopped by Scott Wedgewood with a rebound.
10:19 of 1st period - Slapshot by Luke Philp.
10:19 of 1st period - Stopped by Scott Wedgewood with a rebound.
10:21 of 1st period - Snap shot by Chris Stewart.
10:21 of 1st period - Stopped by Scott Wedgewood with a rebound.
10:23 of 1st period - Slapshot by Connor Clifton.
10:23 of 1st period - Deflect By Luke Philp.
10:23 of 1st period - Shot Blocked by Egor Sharangovich.
10:23 of 1st period - Puck is out of play.
10:24 of 1st period - Reid Duke wins face-off versus Victor Rask in Manchester Monarchs zone.
10:39 of 1st period - Backhand shot by Maxime Fortier.
10:39 of 1st period - Shot Misses the Net.
11:10 of 1st period - Brandon Hagel is hit by Mark Alt and loses puck.
11:52 of 1st period - Snap shot by Brendan Leipsic.
11:52 of 1st period - Stopped by Scott Wedgewood with a rebound.
12:04 of 1st period - Wrist shot by Lukas Jasek.
12:04 of 1st period - Shot Misses the Net.
12:06 of 1st period - Snap shot by Brandon Hagel.
12:06 of 1st period - Deflect By Brendan Leipsic.
12:06 of 1st period - Stopped by Matt Tomkins without a rebound.
12:07 of 1st period - Cam Darcy wins face-off versus Victor Rask in Rimouski Oceanic zone.
12:07 of 1st period - Cam Darcy is hit by Tom Kuhnhackl.
12:39 of 1st period - Snap shot by Milan Lucic.
12:39 of 1st period - Shot Blocked by Luke Philp.
12:59 of 1st period - Joakim Nygard is hit by Ilya Lyubushkin and loses puck.
14:03 of 1st period - Slapshot by Nick Schilkey.
14:03 of 1st period - Stopped by Scott Wedgewood with a rebound.
14:37 of 1st period - Brady Keeper is hit by Connor Carrick and loses puck.
15:30 of 1st period - Brendan Leipsic is hit by Milan Lucic and loses puck.
16:20 of 1st period - Taylor Fedun is hit by Egor Sharangovich and loses puck.
16:29 of 1st period - Snap shot by Milan Lucic.
16:29 of 1st period - Shot Misses the Net.
17:10 of 1st period - Ilya Lyubushkin is hit by Nick Schilkey.
17:20 of 1st period - Derek Barach is hit by Tom Kuhnhackl and loses puck.
17:42 of 1st period - Egor Sharangovich is hit by Beau Starrett and loses puck.
17:53 of 1st period - Wrist shot by Reid Duke.
17:53 of 1st period - Stopped by Scott Wedgewood with a rebound.
17:55 of 1st period - Slapshot by Taylor Fedun.
17:55 of 1st period - Shot Blocked by Egor Sharangovich.
18:18 of 1st period - Snap shot by Brandon Hagel.
18:18 of 1st period - Shot Misses the Net.
18:32 of 1st period - Maxime Fortier is hit by Dmytro Timashov and loses puck.
19:14 of 1st period - Wrist shot by Milan Lucic.
19:14 of 1st period - Shot Blocked by Nick Schilkey.
19:26 of 1st period - Lukas Jasek is hit by Chris Stewart.
19:30 of 1st period - Andrew Poturalski is hit by Connor Clifton and loses puck.
19:47 of 1st period - Snap shot by Nicolas Hague.
19:47 of 1st period - Stopped by Matt Tomkins without a rebound.
19:48 of 1st period - Brendan Leipsic wins face-off versus Dmytro Timashov in Rimouski Oceanic zone.
Goals for this period are 0 for Rimouski Oceanic vs 1 for Manchester Monarchs.
Shots for this period are 15 for Rimouski Oceanic vs 9 for Manchester Monarchs.

2nd period


0:01 of 2nd period - Egor Sharangovich wins face-off versus Brendan Leipsic in neutral zone.
0:13 of 2nd period - Snap shot by Brendan Leipsic.
0:13 of 2nd period - Goal by Brendan Leipsic - Rimouski Oceanic : 1 - Manchester Monarchs : 1.
0:14 of 2nd period - Brendan Leipsic wins face-off versus Egor Sharangovich in neutral zone.
0:36 of 2nd period - Icing by Taylor Fedun.
0:37 of 2nd period - Victor Rask wins face-off versus Brendan Leipsic in Rimouski Oceanic zone.
0:44 of 2nd period - Snap shot by Alexandre Texier.
0:44 of 2nd period - Goal by Alexandre Texier - Rimouski Oceanic : 1 - Manchester Monarchs : 2.
0:45 of 2nd period - Victor Rask wins face-off versus Luke Philp in neutral zone.
1:34 of 2nd period - Snap shot by Brandon Hagel.
1:34 of 2nd period - Deflect By Lukas Jasek.
1:34 of 2nd period - Shot Blocked by Kyle Wood.
1:34 of 2nd period - Puck is out of play.
1:35 of 2nd period - Andrew Poturalski wins face-off versus Luke Philp in Rimouski Oceanic zone.
1:36 of 2nd period - Snap shot by Lukas Jasek.
1:36 of 2nd period - Shot Misses the Net.
1:38 of 2nd period - Slapshot by Ilya Lyubushkin.
1:38 of 2nd period - Shot Misses the Net.
1:40 of 2nd period - Slapshot by Lukas Jasek.
1:40 of 2nd period - Deflect By Connor Clifton.
1:40 of 2nd period - Shot Misses the Net.
1:40 of 2nd period - Puck is out of play.
1:41 of 2nd period - Victor Rask wins face-off versus Luke Philp in Rimouski Oceanic zone.
1:48 of 2nd period - Wrist shot by Alexandre Texier.
1:48 of 2nd period - Stopped by Matt Tomkins with a rebound.
2:29 of 2nd period - Wrist shot by Cam Darcy.
2:29 of 2nd period - Stopped by Scott Wedgewood without a rebound.
2:30 of 2nd period - Cam Darcy wins face-off versus Andrew Poturalski in Manchester Monarchs zone.
2:31 of 2nd period - Slapshot by Taylor Fedun.
2:31 of 2nd period - Deflect By Nick Schilkey.
2:31 of 2nd period - Stopped by Scott Wedgewood with a rebound.
2:33 of 2nd period - Wrist shot by Connor Carrick.
2:33 of 2nd period - Stopped by Scott Wedgewood with a rebound.
2:35 of 2nd period - Wrist shot by Nick Schilkey.
2:35 of 2nd period - Shot Misses the Net.
2:37 of 2nd period - Snap shot by Taylor Fedun.
2:37 of 2nd period - Stopped by Scott Wedgewood with a rebound.
2:39 of 2nd period - Slapshot by Taylor Fedun.
2:39 of 2nd period - Stopped by Scott Wedgewood with a rebound.
2:41 of 2nd period - Slapshot by Taylor Fedun.
2:41 of 2nd period - Stopped by Scott Wedgewood with a rebound.
2:43 of 2nd period - Snap shot by Cam Darcy.
2:43 of 2nd period - Shot Misses the Net.
3:06 of 2nd period - Connor Carrick beats up Karl Alzner.
3:06 of 2nd period - Penalty to Karl Alzner for Fighting.
3:06 of 2nd period - Penalty to Connor Carrick for Fighting.
3:07 of 2nd period - Egor Sharangovich wins face-off versus Brendan Leipsic in Manchester Monarchs zone.
3:22 of 2nd period - Joakim Nygard is hit by Nicolas Hague and loses puck.
4:01 of 2nd period - Snap shot by Dmytro Timashov.
4:01 of 2nd period - Shot Misses the Net.
4:23 of 2nd period - Egor Sharangovich is hit by Connor Clifton and loses puck.
4:43 of 2nd period - Wrist shot by Nick Schilkey.
4:43 of 2nd period - Stopped by Scott Wedgewood with a rebound.
4:45 of 2nd period - Slapshot by Kyle Wood.
4:45 of 2nd period - Deflect By Nick Schilkey.
4:45 of 2nd period - Shot Misses the Net.
4:45 of 2nd period - Puck is out of play.
4:46 of 2nd period - Victor Rask wins face-off versus Brendan Leipsic in Manchester Monarchs zone.
5:00 of 2nd period - Brendan Leipsic is hit by Tom Kuhnhackl and loses puck.
5:11 of 2nd period - Brady Keeper is hit by Taylor Fedun.
5:15 of 2nd period - Taylor Fedun is hit by Andrew Poturalski and loses puck.
5:46 of 2nd period - Icing by Mark Alt.
5:47 of 2nd period - Egor Sharangovich wins face-off versus Reid Duke in Rimouski Oceanic zone.
6:00 of 2nd period - Snap shot by Alexandre Texier.
6:00 of 2nd period - Shot Misses the Net.
6:02 of 2nd period - Slapshot by Kevin Gravel.
6:02 of 2nd period - Stopped by Matt Tomkins with a rebound.
6:32 of 2nd period - Wrist shot by Vladimir Sobotka.
6:32 of 2nd period - Stopped by Matt Tomkins without a rebound.
6:33 of 2nd period - Vladimir Sobotka wins face-off versus Luke Philp in Rimouski Oceanic zone.
6:40 of 2nd period - Snap shot by Dmytro Timashov.
6:40 of 2nd period - Stopped by Matt Tomkins with a rebound.
6:42 of 2nd period - Slapshot by Vladimir Sobotka.
6:42 of 2nd period - Stopped by Matt Tomkins with a rebound.
6:44 of 2nd period - Snap shot by Connor Bunnaman.
6:44 of 2nd period - Shot Misses the Net.
6:46 of 2nd period - Snap shot by Vladimir Sobotka.
6:46 of 2nd period - Stopped by Matt Tomkins with a rebound.
7:25 of 2nd period - Egor Sharangovich is hit by Deven Sideroff.
8:20 of 2nd period - Connor Bunnaman is hit by Blake Pietila and loses puck.
8:39 of 2nd period - Victor Rask is hit by Connor Clifton and loses puck.
9:26 of 2nd period - Kevin Gravel is hit by Mark Alt and loses puck.
9:46 of 2nd period - Snap shot by Brendan Leipsic.
9:46 of 2nd period - Stopped by Scott Wedgewood with a rebound.
10:37 of 2nd period - Reid Duke is hit by Ilya Lyubushkin and loses puck.
10:56 of 2nd period - Maxime Lajoie is hit by Alexandre Texier and loses puck.
11:02 of 2nd period - Icing by Maxime Fortier.
11:03 of 2nd period - Egor Sharangovich wins face-off versus Reid Duke in Rimouski Oceanic zone.
11:12 of 2nd period - Reid Duke is hit by Mason Appleton and loses puck.
11:29 of 2nd period - Nicolas Hague is hit by Blake Pietila and loses puck.
11:36 of 2nd period - Blake Pietila is hit by Tom Kuhnhackl and loses puck.
12:47 of 2nd period - Wrist shot by Mason Appleton.
12:47 of 2nd period - Goal by Mason Appleton - Rimouski Oceanic : 1 - Manchester Monarchs : 3.
12:48 of 2nd period - Brendan Leipsic wins face-off versus Mason Appleton in neutral zone.
13:16 of 2nd period - Slapshot by Nicolas Hague.
13:16 of 2nd period - Shot Blocked by Derek Barach.
13:18 of 2nd period - Wrist shot by Alexandre Texier.
13:18 of 2nd period - Shot Blocked by Derek Barach.
13:20 of 2nd period - Wrist shot by Alexandre Texier.
13:20 of 2nd period - Stopped by Matt Tomkins with a rebound.
13:22 of 2nd period - Slapshot by Nicolas Hague.
13:22 of 2nd period - Stopped by Matt Tomkins with a rebound.
13:24 of 2nd period - Slapshot by Alexandre Texier.
13:24 of 2nd period - Shot Misses the Net.
13:26 of 2nd period - Slapshot by Nicolas Hague.
13:26 of 2nd period - Deflect By Luke Philp.
13:26 of 2nd period - Stopped by Matt Tomkins with a rebound.
13:36 of 2nd period - Snap shot by Nick Schilkey.
13:36 of 2nd period - Goal by Nick Schilkey - Rimouski Oceanic : 2 - Manchester Monarchs : 3.
13:37 of 2nd period - Brendan Leipsic wins face-off versus Milan Lucic in neutral zone.
14:28 of 2nd period - Snap shot by Cam Darcy.
14:28 of 2nd period - Shot Blocked by Lukas Jasek.
15:02 of 2nd period - Joakim Nygard is hit by Kevin Gravel and loses puck.
15:09 of 2nd period - Snap shot by Alexandre Texier.
15:09 of 2nd period - Stopped by Matt Tomkins with a rebound.
15:11 of 2nd period - Snap shot by Tom Kuhnhackl.
15:11 of 2nd period - Stopped by Matt Tomkins with a rebound.
15:49 of 2nd period - Slapshot by Taylor Fedun.
15:49 of 2nd period - Shot Misses the Net.
16:50 of 2nd period - Wrist shot by Vladimir Sobotka.
16:50 of 2nd period - Goal by Vladimir Sobotka - Rimouski Oceanic : 2 - Manchester Monarchs : 4.
16:51 of 2nd period - Egor Sharangovich wins face-off versus Brendan Leipsic in neutral zone.
17:05 of 2nd period - Off-side.
17:06 of 2nd period - Luke Philp wins face-off versus Victor Rask in neutral zone.
17:09 of 2nd period - Backhand shot by Connor Clifton.
17:09 of 2nd period - Shot Blocked by Ilya Lyubushkin.
17:11 of 2nd period - Wrist shot by Derek Barach.
17:11 of 2nd period - Stopped by Scott Wedgewood with a rebound.
17:17 of 2nd period - Wrist shot by Luke Philp.
17:17 of 2nd period - Stopped by Scott Wedgewood with a rebound.
17:21 of 2nd period - Wrist shot by Chris Stewart.
17:21 of 2nd period - Shot Blocked by Victor Rask.
17:33 of 2nd period - Joakim Nygard is hit by Nicolas Hague and loses puck.
18:01 of 2nd period - Wrist shot by Lukas Jasek.
18:01 of 2nd period - Shot Misses the Net.
18:03 of 2nd period - Snap shot by Lukas Jasek.
18:03 of 2nd period - Goal by Lukas Jasek - Rimouski Oceanic : 2 - Manchester Monarchs : 5.
18:03 of 2nd period - Filip Gustavsson enters game.
18:04 of 2nd period - Egor Sharangovich wins face-off versus Brendan Leipsic in neutral zone.
18:19 of 2nd period - Slapshot by Joakim Nygard.
18:19 of 2nd period - Stopped by Scott Wedgewood with a rebound.
18:36 of 2nd period - Snap shot by Tom Kuhnhackl.
18:36 of 2nd period - Shot Blocked by Mark Alt.
18:38 of 2nd period - Snap shot by Alexandre Texier.
18:38 of 2nd period - Stopped by Filip Gustavsson with a rebound.
18:42 of 2nd period - Backhand shot by Alexandre Texier.
18:42 of 2nd period - Shot Misses the Net.
18:52 of 2nd period - Brandon Hagel is hit by Mark Alt and loses puck.
19:04 of 2nd period - Icing by Andrew Poturalski.
19:05 of 2nd period - Andrew Poturalski wins face-off versus Brendan Leipsic in Manchester Monarchs zone.
19:41 of 2nd period - Slapshot by Andrew Poturalski.
19:41 of 2nd period - Stopped by Filip Gustavsson without a rebound.
19:42 of 2nd period - Egor Sharangovich wins face-off versus Brendan Leipsic in Rimouski Oceanic zone.
Goals for this period are 2 for Rimouski Oceanic vs 4 for Manchester Monarchs.
Shots for this period are 13 for Rimouski Oceanic vs 17 for Manchester Monarchs.

3rd period


0:01 of 3rd period - Blake Pietila wins face-off versus Victor Rask in neutral zone.
0:26 of 3rd period - Nick Seeler is hit by Deven Sideroff and loses puck.
0:31 of 3rd period - Slapshot by Cam Darcy.
0:31 of 3rd period - Shot Misses the Net.
0:33 of 3rd period - Slapshot by Connor Clifton.
0:33 of 3rd period - Shot Misses the Net.
0:35 of 3rd period - Wrist shot by Connor Clifton.
0:35 of 3rd period - Stopped by Scott Wedgewood without a rebound.
0:36 of 3rd period - Luke Philp wins face-off versus Egor Sharangovich in Manchester Monarchs zone.
0:37 of 3rd period - Snap shot by Chris Stewart.
0:37 of 3rd period - Shot Misses the Net.
0:39 of 3rd period - Wrist shot by Chris Stewart.
0:39 of 3rd period - Shot Misses the Net.
1:03 of 3rd period - Slapshot by Joakim Nygard.
1:03 of 3rd period - Stopped by Scott Wedgewood with a rebound.
1:05 of 3rd period - Snap shot by Blake Pietila.
1:05 of 3rd period - Shot Misses the Net.
1:07 of 3rd period - Wrist shot by Joakim Nygard.
1:07 of 3rd period - Deflect By Blake Pietila.
1:07 of 3rd period - Stopped by Scott Wedgewood without a rebound.
1:08 of 3rd period - Victor Rask wins face-off versus Brendan Leipsic in Manchester Monarchs zone.
1:21 of 3rd period - Karl Alzner is hit by Brendan Leipsic.
1:30 of 3rd period - Icing by Brendan Leipsic.
1:31 of 3rd period - Egor Sharangovich wins face-off versus Brendan Leipsic in Rimouski Oceanic zone.
2:08 of 3rd period - Snap shot by Mason Appleton.
2:08 of 3rd period - Stopped by Filip Gustavsson with a rebound.
2:49 of 3rd period - Wrist shot by Mason Appleton.
2:49 of 3rd period - Stopped by Filip Gustavsson with a rebound.
2:59 of 3rd period - Snap shot by Mason Appleton.
2:59 of 3rd period - Shot Misses the Net.
3:07 of 3rd period - Snap shot by Mason Appleton.
3:07 of 3rd period - Stopped by Filip Gustavsson with a rebound.
3:21 of 3rd period - Snap shot by Brendan Leipsic.
3:21 of 3rd period - Stopped by Scott Wedgewood without a rebound.
3:22 of 3rd period - Victor Rask wins face-off versus Luke Philp in Manchester Monarchs zone.
4:14 of 3rd period - Snap shot by Reid Duke.
4:14 of 3rd period - Goal by Reid Duke - Rimouski Oceanic : 3 - Manchester Monarchs : 5.
4:15 of 3rd period - Victor Rask wins face-off versus Luke Philp in neutral zone.
4:17 of 3rd period - Minor Penalty to Nick Seeler for Hooking.
4:18 of 3rd period - Vladimir Sobotka wins face-off versus Luke Philp in Manchester Monarchs zone.
5:54 of 3rd period - Off-side.
5:55 of 3rd period - Nick Schilkey wins face-off versus Egor Sharangovich in neutral zone.
6:17 of 3rd period - Penalty to Nick Seeler is over, Nick Seeler is back on ice.
6:17 of 3rd period - Snap shot by Cam Darcy.
6:17 of 3rd period - Shot Blocked by Ilya Lyubushkin.
6:19 of 3rd period - Wrist shot by Deven Sideroff.
6:19 of 3rd period - Shot Misses the Net.
6:21 of 3rd period - Wrist shot by Maxime Lajoie.
6:21 of 3rd period - Shot Misses the Net.
6:23 of 3rd period - Slapshot by Deven Sideroff.
6:23 of 3rd period - Shot Misses the Net.
6:29 of 3rd period - Slapshot by Nick Schilkey.
6:29 of 3rd period - Stopped by Scott Wedgewood with a rebound.
6:31 of 3rd period - Slapshot by Cam Darcy.
6:31 of 3rd period - Stopped by Scott Wedgewood with a rebound.
6:33 of 3rd period - Snap shot by Cam Darcy.
6:33 of 3rd period - Stopped by Scott Wedgewood without a rebound.
6:34 of 3rd period - Luke Philp wins face-off versus Victor Rask in Manchester Monarchs zone.
6:35 of 3rd period - Slapshot by Chris Stewart.
6:35 of 3rd period - Stopped by Scott Wedgewood with a rebound.
6:48 of 3rd period - Minor Penalty to Derek Barach for Roughing.
6:49 of 3rd period - Egor Sharangovich wins face-off versus Joakim Nygard in Rimouski Oceanic zone.
8:48 of 3rd period - Penalty to Derek Barach is over, Derek Barach is back on ice.
9:10 of 3rd period - Slapshot by Derek Barach.
9:10 of 3rd period - Stopped by Scott Wedgewood without a rebound.
9:11 of 3rd period - Vladimir Sobotka wins face-off versus Chris Stewart in Manchester Monarchs zone.
9:11 of 3rd period - Vladimir Sobotka is hit by Derek Barach.
10:01 of 3rd period - Off-side.
10:02 of 3rd period - Victor Rask wins face-off versus Brendan Leipsic in neutral zone.
10:13 of 3rd period - Slapshot by Taylor Fedun.
10:13 of 3rd period - Deflect By Blake Pietila.
10:13 of 3rd period - Shot Misses the Net.
10:13 of 3rd period - Puck is out of play.
10:14 of 3rd period - Brendan Leipsic wins face-off versus Victor Rask in Manchester Monarchs zone.
10:40 of 3rd period - Egor Sharangovich is hit by Nick Schilkey and loses puck.
11:02 of 3rd period - Icing by Luke Philp.
11:03 of 3rd period - Luke Philp wins face-off versus Vladimir Sobotka in Rimouski Oceanic zone.
12:10 of 3rd period - Slapshot by Alexandre Texier.
12:10 of 3rd period - Stopped by Filip Gustavsson with a rebound.
12:20 of 3rd period - Wrist shot by Joakim Nygard.
12:20 of 3rd period - Deflect By Milan Lucic.
12:20 of 3rd period - Stopped by Scott Wedgewood with a rebound.
12:22 of 3rd period - Slapshot by Taylor Fedun.
12:22 of 3rd period - Deflect By Milan Lucic.
12:22 of 3rd period - Stopped by Scott Wedgewood with a rebound.
12:24 of 3rd period - Snap shot by Luke Philp.
12:24 of 3rd period - Goal by Luke Philp - Rimouski Oceanic : 4 - Manchester Monarchs : 5.
12:25 of 3rd period - Victor Rask wins face-off versus Luke Philp in neutral zone.
12:25 of 3rd period - Victor Rask is hit by Connor Clifton.
12:31 of 3rd period - Derek Barach is hit by Victor Rask.
12:39 of 3rd period - Wrist shot by Tom Kuhnhackl.
12:39 of 3rd period - Shot Misses the Net.
12:41 of 3rd period - Wrist shot by Tom Kuhnhackl.
12:41 of 3rd period - Shot Blocked by Kyle Wood.
12:47 of 3rd period - Minor Penalty to Luke Philp for Interference.
12:48 of 3rd period - Joakim Nygard wins face-off versus Egor Sharangovich in Rimouski Oceanic zone.
14:47 of 3rd period - Penalty to Luke Philp is over, Luke Philp is back on ice.
14:51 of 3rd period - Mark Alt is hit by Andrew Poturalski.
15:08 of 3rd period - Luke Philp is hit by Andrew Poturalski and loses puck.
16:06 of 3rd period - Slapshot by Dmytro Timashov.
16:06 of 3rd period - Shot Blocked by Taylor Fedun.
18:14 of 3rd period - Nick Seeler is hit by Deven Sideroff and loses puck.
19:04 of 3rd period - Connor Carrick is hit by Karl Alzner.
19:08 of 3rd period - Rimouski Oceanic, Filip Gustavsson is pulled from the net.
19:08 of 3rd period - Snap shot by Brendan Leipsic.
19:08 of 3rd period - Deflect By Cam Darcy.
19:08 of 3rd period - Stopped by Scott Wedgewood with a rebound.
19:14 of 3rd period - Snap shot by Joakim Nygard.
19:14 of 3rd period - Stopped by Scott Wedgewood with a rebound.
19:19 of 3rd period - Off-side.
19:20 of 3rd period - Benoit Groulx call a timeout for Rimouski Oceanic.
19:20 of 3rd period - Victor Rask wins face-off versus Brendan Leipsic in neutral zone.
19:34 of 3rd period - Maxime Lajoie is hit by Dmytro Timashov and loses puck.
19:45 of 3rd period - Snap shot by Joakim Nygard.
19:45 of 3rd period - Stopped by Scott Wedgewood with a rebound.
19:47 of 3rd period - Backhand shot by Cam Darcy.
19:47 of 3rd period - Shot Misses the Net.
19:49 of 3rd period - Snap shot by Cam Darcy.
19:49 of 3rd period - Shot Blocked by Karl Alzner.
19:51 of 3rd period - Snap shot by Brendan Leipsic.
19:51 of 3rd period - Shot Misses the Net.
Goals for this period are 2 for Rimouski Oceanic vs 0 for Manchester Monarchs.
Shots for this period are 16 for Rimouski Oceanic vs 4 for Manchester Monarchs.